 Dungeon Crawl Stone Soup version 0.17.0-18-gaab0e96 (webtiles) character file.

282 JudasIscariot the Skirmisher (level 6, -2/40 HPs)
             Began as a Gargoyle Abyssal Knight on Nov 12, 2015.
             Was a Priest of Lugonu.
             Slain by an ogre
             ... wielding a +0 giant club
              (19 damage)
             ... on level 3 of the Dungeon.
             The game lasted 00:11:22 (2665 turns).

JudasIscariot the Skirmisher (GrAK)                 Turns: 2665, Time: 00:11:22

Health: -2/40      AC: 21    Str: 18    XL:     6   Next: 28%
Magic:  8/8        EV:  2    Int: 12    God:    Lugonu [***...]
Gold:   127        SH:  0    Dex:  9    Spells: 0 memorised, 5 levels left

rFire  + . .     SeeInvis .     a - +1 mace
rCold  + . .     Clarity  .     s - +1 gold dragon armour
rNeg   + . .     SustAt   .     (no shield)
rPois  ∞         Gourm    .     (no helmet)
rElec  +         Spirit   .     d - +1 cloak
rCorr  .         Warding  .     (no gloves)
rMut   .         Stasis   .     (no boots)
MR     .....                    (no amulet)
Stlth  ..........               (no ring)
                                (no ring)

@: not resistant to hostile enchantments, extremely unstealthy
A: negative energy resistance 1, electricity resistance, unbreathing,
petrification resistance, rot immunity, AC +4
a: Depart the Abyss, Bend Space, Banish, Renounce Religion


You were on level 3 of the Dungeon.
You worshipped Lugonu.
Lugonu was most pleased with you.
You were hungry.

You visited 1 branch of the dungeon, and saw 3 of its levels.
You visited the Abyss 1 time.
You also visited: Sewer.

You collected 127 gold pieces.

Inventory:

Hand Weapons
 a - a +1 mace (weapon)
Armour
 d - a +1 cloak (worn)
 s - a +1 gold dragon armour (worn)
Scrolls
 b - 2 scrolls of magic mapping {unknown}
 g - a scroll of fear {unknown}
 i - 2 scrolls of random uselessness {unknown}
 j - 2 scrolls of identify {unknown}
 k - a scroll of noise {unknown}
 l - a scroll of remove curse {unknown}
 o - a scroll of recharging {unknown}
 r - a scroll of amnesia {unknown}
Potions
 e - 5 potions of heal wounds {unknown}
 h - 2 potions of flight {unknown}
 m - 2 potions of brilliance {unknown}
 n - 3 potions of curing {unknown}
 q - a potion of agility {unknown}
Comestibles
 c - a bread ration


   Skills:
 * Level 5.0 Fighting
 * Level 3.6 Maces & Flails
 * Level 3.9 Armour
 + Level 1.1 Dodging
 * Level 3.0 Invocations


You had 5 spell levels left.
You didn't know any spells.

Dungeon Overview and Level Annotations

Branches:
Dungeon (3/15)

Altars:
Makhleb
Trog
Zin

Shops:
D:3 *


Innate Abilities, Weirdness & Mutations

You are resistant to torment.
Your stone body is resilient (AC +4).
You are immune to poison.
You resist negative energy.
You are resistant to electric shocks.
You can survive without breathing.
You are immune to petrification.
You are immune to rotting.


Message History

The bat hits you but does no damage. The bat hits you but does no damage.
Your gold dragon armour prevents you from hitting the bat.
The bat is heavily wounded.
The bat hits you but does no damage. x3
You hit the bat.
You kill the bat!
Lugonu accepts your kill.
You are feeling hungry.
Eat which item? (? for menu, Esc to quit)
Okay, then.
An ogre comes into view. It is wielding a giant club.
The ogre shouts!
Your gold dragon armour prevents you from hitting the ogre.
The ogre hits you with a giant club!!
Ouch! That really hurt!
You sock the ogre!
The ogre is moderately wounded.
The ogre hits you with a giant club!!
You die...

.##....######.#
##.........##.####.#.
#....#...#.##.##....
##.#..<#.# #.##...#
#.#...#.# #.##...# #
#.#.#)# #.##...#
#.#.#.# #.##...####.
#.#.#.# #.##O.......
#.# #.#.#
#...@....?.. #.#
#.#.# ####........
#.# #.#.# #........
#.# #.#.# #........
#.# #.#.# #........
##.# #.#.# #........
##.# #.#.# #........
...# #.#.# #########
##.# #.#.#


You could see an ogre.

Vanquished Creatures
  A big kobold (Sewer)
  An orc wizard (D:3)
  4 adders
  6 river rats
  An ooze (D:1)
  2 worms (D:2)
  4 orcs
  9 bats
  4 giant cockroaches
  17 goblins
  3 hobgoblins (D:2)
  2 ball pythons (D:3)
  2 giant newts
  5 jackals
  9 kobolds
  16 rats
86 creatures vanquished.

Notes
Turn   | Place    | Note
--------------------------------------------------------------
     0 | Abyss:1  | JudasIscariot the Gargoyle Abyssal Knight began the quest for the Orb.
     0 | Abyss:1  | Reached XP level 1. HP: 14/14 MP: 2/2
    57 | D:1      | Escaped the Abyss
   182 | D:1      | Reached XP level 2. HP: 19/19 MP: 3/3
   559 | D:1      | Reached ** piety under Lugonu
   597 | D:1      | Reached XP level 3. HP: 24/24 MP: 4/4
   718 | D:1      | Reached skill level 4 in Fighting
  1305 | D:2      | Reached XP level 4. HP: 26/30 MP: 5/5
  1456 | D:2      | Found a bloodstained altar of Trog.
  1639 | D:2      | Reached skill level 1 in Dodging
  1657 | D:2      | Found a burning altar of Makhleb.
  1810 | D:2      | Reached *** piety under Lugonu
  1931 | D:3      | Found Zin's Purification Station.
  1934 | D:3      | Found a glowing silver altar of Zin.
  1998 | D:3      | Reached XP level 5. HP: 29/34 MP: 6/6
  2168 | D:3      | Found a glowing drain.
  2185 | Sewer    | Entered a sewer
  2201 | Sewer    | Reached skill level 5 in Fighting
  2301 | Sewer    | Reached XP level 6. HP: 28/40 MP: 8/8
  2442 | Sewer    | Found a white marble altar of Elyvilon.
  2662 | D:3      | Noticed an ogre
  2665 | D:3      | Slain by an ogre

Action                   |  1- 3 |  4- 6 || total
-------------------------+-------+-------++-------
Melee: Mace              |   138 |   192 ||   330
  Use: Scroll            |       |     2 ||     2
  Eat: Chunk             |     1 |     5 ||     6
